AoeStats
← TackOffNinja

MegaRandom

503428811Analyzed
1v1 RM · 2mo ago on Aug 31, 2026· 26m 34s· 2 players
Game mode
Random Map
Map size
Tiny (2 player)
Population
200
Speed
Normal
Resources
Standard
Victory
Conquest
Starting age
Dark Age
Ending age
Imperial Age
RankedLock teamsTeams togetherTeam positionsShared explorationLock speedFull tech treeHidden civsTurbo modeCheats
Victory
Defeat
🇪🇸 Bohemians · Spain
761
+15
vs
🇮🇪 Franks · Ireland
749
-15
TackOffNinja
14:09 Feudal Age
13:22 Loom
15:08 Double-Bit Axe
17:02 Man-at-Arms
andres.murillo3
12:34 Feudal Age
13:33 Man-at-Arms
15:07 Double-Bit Axe
15:04 Horse Collar
23:12 Castle Age
24:24 Forging
24:20 Scale Barding Armor
24:15 Scale Mail Armor
23:38 Long Swordsman
Connection lost

Rejoining the realm…

Still unreachable

The connection could not be restored.

Session expired

The server has moved on; the page needs a fresh start.